 Dungeon Crawl Stone Soup version 0.32-a0-391-gce5c0aab1b (webtiles) character file.

Game seed: 1992179702704119191

38288 Goblin1989 the Slicer (level 14, -6/108 HPs)
             Began as a Coglin Brigand on Feb 19, 2024.
             Was an Initiate of Gozag.
             Engulfed by an ice statue's freezing vapour (52 damage)
             ... in an ice cave.
             The game lasted 01:15:09 (18024 turns).

Goblin1989 the Slicer (Coglin Brigand)             Turns: 18024, Time: 01:15:10

Health: -6/108     AC:  9    Str: 13    XL:     14   Next: 1%
Magic:  14/14      EV: 23    Int: 10    God:    Gozag
Gold:   2578       SH:  0    Dex: 20    Spells: 13/13 levels left

rFire   . . .        q - +2 rapier (drain) {Malena}
rCold   . . .        P - +2 dagger (elec) {Eitaro}
rNeg    . . .        U - +1 leather armour {rPois}
rPois   +            t - +1 hat {Stlth+}
rElec   .            c - +0 cloak
rCorr   .            L - +0 pair of gloves
SInv    .            Z - +1 pair of boots
Will    ++...        (no amulet)
Stlth   +++++        N - ring of willpower
HPRegen 0.38/turn    H - +5 ring of evasion
MPRegen 0.14/turn

%: no passive effects
@: revving
A: off-hand wielding, slow wielding, warmup strikes, warmup strides
a: Renounce Religion, Potion Petition, Call Merchant, Bribe Branch


You were in an ice cave.
You worshipped Gozag.
Gozag was most pleased with you.
You visited 3 branches of the dungeon, and saw 15 of its levels.
You also visited: Sewer, Ossuary, Bailey and Ice Cave.

You collected 3762 gold pieces.
You spent 491 gold pieces at shops.
You paid 693 gold pieces to Gozag.

Inventory:

Hand Weapons
 q - a +2 rapier of draining (weapon) {Malena}
 P - a +2 dagger of electrocution (worn) {Eitaro}
 T - a +1 rapier of venom {Kanchana}
Missiles
 b - 4 atropa-tipped darts
 d - 39 poisoned darts
 e - 2 curare-tipped darts
 k - 75 stones (quivered)
 C - 6 darts of dispersal
 G - 12 boomerangs {@Q3}
 W - 13 throwing nets {!d , @Q1}
Armour
 c - a +0 cloak (worn)
 t - a +1 hat of stealth (worn)
 L - a +0 pair of gloves (worn)
 U - a +1 leather armour of poison resistance (worn)
 Z - a +1 pair of boots (worn)
Jewellery
 F - a ring of willpower
 H - a +5 ring of evasion (right grasper)
 N - a ring of willpower (left grasper)
Wands
 x - a wand of light (19)
 A - a wand of mindburst (20)
 O - a wand of roots (22)
 R - a wand of digging (8) {@v3}
 V - a wand of charming (5)
 X - a wand of flame (26) {@v1}
Scrolls
 l - 8 scrolls of enchant armour
 n - 2 scrolls of blinking {unknown}
 s - 2 scrolls of fog {unknown}
 u - 6 scrolls of poison
 y - 2 scrolls of torment {unknown}
 z - 2 scrolls of enchant weapon {unknown}
 B - a scroll of amnesia {unknown}
 D - 6 scrolls of teleportation {!r, @r2}
 J - 5 scrolls of fear {unknown}
 M - a scroll of immolation {unknown}
 S - 4 scrolls of identify {@r1}
Potions
 f - a potion of mutation {unknown}
 g - a potion of ambrosia
 h - 7 potions of curing {@q1}
 i - a potion of haste {unknown}
 j - 2 potions of cancellation
 m - 11 potions of heal wounds {@q2}
 o - 2 potions of resistance
 v - 6 potions of attraction
 w - 2 potions of lignification
 E - 2 potions of might {unknown}
 K - 5 potions of enlightenment
 Q - 2 potions of magic {unknown}


   Skills:
 + Level 9.5 Fighting
 - Level 14.0 Short Blades
 - Level 3.0 Throwing
 + Level 10.2 Dodging
 + Level 8.8 Stealth
 - Level 1.6 Unarmed Combat
 * Level 9.5 Evocations


You had 13 spell levels left.
You didn't know any spells.
Your spell library contained the following spells:

 Spells                   Type           Power      Damage    Failure   Level
 Dazzling Flash           Conj/Hex       0%         N/A       82%         3
 Mephitic Cloud           Conj/Alch/Air  0%         N/A       82%         3
 Curse of Agony           Necr           0%         N/A       100%        5
 Iskenderun's Battlesphe  Conj           0%         2d6       100%        5
 Silence                  Hex/Air        0%         N/A       100%        5
 Bombard                  Conj/Erth      0%         9d1       100%        6
 Spellforged Servitor     Conj/Summ      0%         N/A       100%        7


Dungeon Overview and Level Annotations

Branches:
Dungeon (9/15) Zot: 26504  Temple (1/1) D:5 Zot: 5998    Lair (5/5) D:8 Zot: 23941
 Shoals (0/4) Lair:2       Spider (0/4) Lair:3        Slime (0/5) Lair:5
  Sewer (visited)         Ossuary (visited)          Bailey (visited)
  IceCv (1/1) Zot: 5538
    Orc: D:9-12

Altars:
Ashenzari
Cheibriados
Dithmenos
Elyvilon
Fedhas
Gozag
Hepliaklqana
Kikubaaqudgha
Makhleb
Nemelex Xobeh
Qazlal
Ru
Sif Muna
Trog
Uskayaw
Vehumet
Wu Jian
Xom
Yredelemnul
Zin
The Shining One

Shops:
Lair:3 *

Annotations:
Lair:3 exclusion: 2 death yaks IceCv exclusion: 2 ice statues


Innate Abilities, Weirdness & Mutations

You can wield a second weapon in your off-hand.
It takes a long time for you to wield or remove held weapons.
Your first few attacks do less damage.
Your first movements take longer.


Message History

Press: ? - help, Q - select action, (/) - cycle Shift-Dir - straight line, f - spriggan simulacrum
Aim: a spriggan simulacrum (lightly damaged, wandering, hasn't noticed you, 56% to hit)
You throw a stone. The stone hits the spriggan simulacrum.
The spriggan simulacrum is lightly damaged.
The spriggan simulacrum hits you! The spriggan simulacrum freezes you!
You take 18 damage, and have 84/108 hp.
The spriggan simulacrum barely misses you.
You hit the spriggan simulacrum with your +2 dagger of electrocution.
The spriggan simulacrum is lightly damaged.
You closely miss the spriggan simulacrum with your +2 rapier of draining.
You hit the spriggan simulacrum with your +2 dagger of electrocution.
The spriggan simulacrum is heavily damaged.
You puncture the spriggan simulacrum with your +2 rapier of draining!
The spriggan simulacrum vaporises!
Okay, then.
You now have 2574 gold pieces (gained 7).
An ice devil comes into view.
The ice devil moves out of view.
You hit the ice devil with your +2 rapier of draining.
The ice devil is lightly wounded.
You hit the ice devil but do no damage.
Lightning courses through the ice devil!
You closely miss the ice devil with your +2 rapier of draining.
The ice devil is moderately wounded.
You hit the ice devil but do no damage. The ice devil hits you.
The ice devil freezes you!
You take 17 damage, and have 77/108 hp.
You hit the ice devil but do no damage.
The ice devil is moderately wounded.
You hit the ice devil but do no damage. You hit the ice devil but do no damage.
The ice devil is moderately wounded.
You hit the ice devil but do no damage. The ice devil closely misses you.
You hit the ice devil with your +2 dagger of electrocution.
The ice devil is heavily wounded.
You hit the ice devil but do no damage.
You hit the ice devil with your +2 dagger of electrocution.
Lightning courses through the ice devil!
The ice devil is severely wounded.
You barely miss the ice devil with your +2 rapier of draining.
The ice devil closely misses you.
You closely miss the ice devil with your +2 dagger of electrocution.
The ice devil is severely wounded.
You closely miss the ice devil with your +2 rapier of draining.
You hit the ice devil but do no damage.
The ice devil is severely wounded.
You closely miss the ice devil with your +2 rapier of draining.
The ice devil completely misses you.
You hit the ice devil with your +2 dagger of electrocution.
Lightning courses through the ice devil!
The ice devil is almost dead.
You hit the ice devil but do no damage.
You hit the ice devil with your +2 dagger of electrocution.
You kill the ice devil!
You now have 2578 gold pieces (gained 4).
You start resting.
HP restored.
Health restored: 108
Okay, then. 2 ice statues come into view.
The ice statue gestures at you.
Marking area around 2 ice statues as unsafe for travelling.
You hit the ice statue but do no damage. x2
You are engulfed in freezing vapours.
You take 10 damage, and have 98/108 hp.
You hit the ice statue but do no damage.
You hit the ice statue with your +2 dagger of electrocution.
You are engulfed in freezing vapours.
The ice statue gestures.
You take 10 damage, and have 88/108 hp.
You hit the ice statue but do no damage.
The ice statue is lightly damaged.
You hit the ice statue with your +2 rapier of draining.
You are engulfed in freezing vapours.
You take 7 damage, and have 81/108 hp.
You hit the ice statue but do no damage.
The ice statue is lightly damaged.
You hit the ice statue but do no damage.
You are engulfed in freezing vapours.
You take 10 damage, and have 71/108 hp.
You completely miss the ice statue with your +2 rapier of draining.
The ice statue is lightly damaged.
You hit the ice statue but do no damage.
You are engulfed in freezing vapours.
You take 9 damage, and have 62/108 hp.
You hit the ice statue but do no damage.
The ice statue is lightly damaged.
You hit the ice statue but do no damage.
You are engulfed in freezing vapours.
The ice statue gestures.
You take 12 damage, and have 50/108 hp.
You hit the ice statue with your +2 rapier of draining.
The ice statue is lightly damaged.
You hit the ice statue but do no damage.
You are engulfed in freezing vapours.
* * * LOW HITPOINT WARNING * * *
You take 4 damage, and have 46/108 hp.
You are engulfed in freezing vapours.
You die...
Your body crumbles into a pile of gold. ██.. ██. ██.... ██.. ██.....██§.██ █......I █☼°█ ████

█.....Y███§☼███████..██
█.......█○§○██..██....██
██.......☼§███..........█
█.....°°○§§.█.......∩.∩.█
█......°@██....██.......█
█.....°°████..█████....██
██....Y°I█


████ ██..██ ██.█.████ ████ █ ██ You could see 2 ice beasts.

Vanquished Creatures
  Gastronok (Lair:2)
  Kirke (Lair:3)
  Harold (Lair:1)
  A hydra (Lair:3)
  A centaur warrior (D:8)
  2 two-headed ogres (D:9)
  5 death yaks
  Amaemon (Lair:2)
  2 skysharks
  Nergalle (Lair:3)
  A lindwurm (Lair:3)
  Pikel (D:6)
  3 harpies (Lair:2)
  4 black mambas
  An orange demon (Lair:2)
  7 cane toads
  4 rime drakes
  5 komodo dragons
  3 ice devils (IceCv)
  A polar bear (Lair:1)
  A troll (D:9)
  12 dream sheep
  8 blink frogs
  27 yaks
  A shadow (D:9)
  2 culicivoras (Lair:3)
  3 wyverns
  A basilisk (Lair:3)
  A hog (Lair:2)
  A steam dragon (D:8)
  Eustachio (D:6)
  A death yak simulacrum (IceCv)
  A harpy simulacrum (IceCv)
  16 water moccasins
  3 ice beasts
  A sky beast (D:7)
  2 black bears (D:8)
  24 wolves
  2 centaurs (D:8)
  3 lemures (D:6)
  4 phantoms
  Blork the orc (D:4)
  2 kobold brigands
  19 bullfrogs
  3 elf zombies (Ossuary)
  A brain worm (Sewer)
  9 gnoll sergeants (Bailey)
  5 scorpions
  A water moccasin zombie (D:4)
  3 wights (D:8)
  A burial acolyte (D:8)
  7 howler monkeys
  3 bombardier beetles
  6 centaur zombies
  8 orc priests
  A bullfrog zombie (D:4)
  A jelly (D:7)
  2 human zombies (Ossuary)
  3 hounds
  10 gnoll boudas
  A scorpion zombie (D:4)
  Natasha (thrice) (D:2)
  3 iguanas
  3 orc wizards
  2 troll simulacra (IceCv)
  2 spriggan simulacra (IceCv)
  A polar bear simulacrum (IceCv)
  A wolf simulacrum (IceCv)
  A bullfrog simulacrum (Ossuary)
  A crocodile zombie (Ossuary)
  3 hound zombies
  3 mummies (Ossuary)
  Robin (D:2)
  26 gnolls
  13 adders
  3 river rats (Sewer)
  3 shadow imps
  2 white imps
  5 ufetubi
  An adder skeleton (D:4)
  5 adder zombies
  2 ribbon worms
  7 dart slugs
  27 orcs
  13 ball pythons
  8 endoplasms
  8 giant cockroaches
  15 hobgoblins
  4 jackals (Sewer)
  4 quokkas
  18 bats
  5 frilled lizards
  A gnoll zombie (D:8)
  20 goblins
  15 kobolds
  3 kobold zombies (D:8)
  9 rats
489 creatures vanquished.

Vanquished Creatures (others)
  A human (Lair:3)
1 creature vanquished.

Grand Total: 490 creatures vanquished

Notes
Turn   | Place    | Note
-------+----------+-------------------------------------------
     0 | D:1      | Goblin1989 the Coglin Brigand began the quest for the Orb.
     0 | D:1      | Reached XP level 1. HP: 16/16 MP: 1/1
   111 | D:1      | Reached skill level 2 in Short Blades
   142 | D:1      | Reached XP level 2. HP: 22/22 MP: 2/2
   266 | D:1      | Reached XP level 3. HP: 27/27 MP: 3/3
   699 | D:2      | Found a hazy altar of Hepliaklqana.
   750 | D:2      | Reached XP level 4. HP: 33/33 MP: 4/4
   806 | D:2      | Noticed Natasha
   813 | D:2      | Reached skill level 3 in Short Blades
   822 | D:2      | Killed Natasha
   937 | D:2      | Reached XP level 5. HP: 38/38 MP: 5/5
   996 | D:2      | Found a faded altar of an unknown god.
  1059 | D:2      | Noticed Natasha
  1066 | D:2      | Killed Natasha
  1116 | D:2      | Noticed Robin
  1125 | D:2      | Killed Robin
  1331 | D:2      | Noticed Natasha
  1342 | D:2      | Killed Natasha
  1443 | D:2      | Reached skill level 4 in Short Blades
  1659 | D:2      | Reached skill level 5 in Stealth
  1659 | D:2      | Reached XP level 6. HP: 44/44 MP: 6/6
  1673 | D:3      | Found a stormy altar of Qazlal.
  2407 | D:4      | Reached XP level 7. HP: 47/50 MP: 7/7
  2449 | D:4      | Reached skill level 5 in Short Blades
  2454 | D:4      | HP: 2/50 [orc/+0 hand axe (1)]
  2636 | D:4      | Found a sand-covered staircase.
  2642 | Ossuary  | Entered an ossuary
  2927 | Ossuary  | Reached skill level 6 in Short Blades
  3179 | Ossuary  | Reached XP level 8. HP: 46/56 MP: 8/8
  3188 | Ossuary  | Reached skill level 1 in Dodging
  3446 | D:4      | Noticed Blork the orc
  3478 | D:4      | Killed Blork the orc
  3479 | D:4      | Reached skill level 7 in Short Blades
  4404 | D:5      | Entered Level 5 of the Dungeon
  4409 | D:5      | Found a glowing drain.
  4510 | Sewer    | Entered a sewer
  4860 | Sewer    | Reached skill level 8 in Short Blades
  4860 | Sewer    | Reached XP level 9. HP: 50/61 MP: 9/9
  5469 | D:5      | Found a radiant altar of Vehumet.
  5512 | D:5      | Found a staircase to the Ecumenical Temple.
  5525 | Temple   | Entered the Ecumenical Temple
  5587 | D:5      | Reached skill level 5 in Dodging
  6312 | D:6      | Noticed Pikel
  6806 | D:6      | Reached skill level 9 in Short Blades
  6882 | D:6      | Killed Pikel
  6933 | D:6      | Noticed Eustachio
  6955 | D:6      | Killed Eustachio
  7331 | D:7      | Reached XP level 10. HP: 64/67 MP: 10/10
  7343 | D:7      | Reached skill level 1 in Unarmed Combat
  7687 | D:7      | Identified the serpent talisman of the Minstrel {Dex+3}
  8198 | D:8      | Reached skill level 10 in Short Blades
  8205 | D:8      | Noticed a centaur warrior
  8238 | D:8      | Killed a centaur warrior
  8587 | D:8      | Found a staircase to the Lair.
  8684 | D:8      | Found an ancient bone altar of Kikubaaqudgha.
  8775 | D:8      | Reached XP level 11. HP: 78/78 MP: 11/11
  8802 | D:8      | Reached skill level 1 in Evocations
  9173 | D:8      | Reached skill level 11 in Short Blades
  9340 | D:8      | Found an opulent altar of Gozag.
  9340 | D:8      | Found a shimmering blue altar of Sif Muna.
  9342 | D:8      | Found a bloodstained altar of Trog.
  9507 | D:8      | Became a worshipper of Gozag Ym Sagoz the Greedy
  9562 | D:8      | Reached skill level 5 in Fighting
  9735 | D:9      | Noticed a two-headed ogre
  9743 | D:9      | Killed a two-headed ogre
  9763 | D:9      | Noticed a two-headed ogre
  9897 | D:9      | Found a flagged portal.
  9925 | Bailey   | Entered a bailey
 11229 | D:9      | Noticed a two-headed ogre
 11235 | D:9      | Killed a two-headed ogre
 11506 | Lair:1   | Entered Level 1 of the Lair of Beasts
 11507 | Lair:1   | Noticed Harold
 11715 | Lair:1   | Reached skill level 5 in Evocations
 11822 | Lair:1   | Reached skill level 12 in Short Blades
 11949 | Lair:1   | Killed Harold
 11950 | Lair:1   | Reached XP level 12. HP: 37/89 MP: 12/12
 12895 | Lair:2   | Noticed Amaemon
 12943 | Lair:2   | Killed Amaemon
 13089 | Lair:2   | Noticed Gastronok
 13133 | Lair:2   | Killed Gastronok
 13442 | Lair:2   | Found a staircase to the Shoals.
 13453 | Lair:2   | Reached skill level 13 in Short Blades
 14010 | Lair:3   | Noticed Kirke
 14075 | Lair:3   | Noticed a death yak
 14308 | Lair:3   | Noticed a six-headed hydra
 14331 | Lair:3   | Killed a six-headed hydra
 14358 | Lair:3   | Reached XP level 13. HP: 42/98 MP: 13/13
 14644 | Lair:3   | Killed Kirke
 14707 | Lair:3   | Found a hole to the Spider Nest.
 15367 | Lair:3   | Noticed Nergalle
 15382 | Lair:3   | Killed Nergalle
 15429 | Lair:2   | Reached skill level 14 in Short Blades
 16390 | Lair:3   | Bought a wand of roots (2) for 177 gold pieces
 16390 | Lair:3   | Bought a scroll of enchant armour for 277 gold pieces
 16390 | Lair:3   | Bought a scroll of noise for 37 gold pieces
 16935 | Lair:4   | Reached skill level 10 in Dodging
 17521 | Lair:5   | Entered Level 5 of the Lair of Beasts
 17529 | Lair:5   | Found a frozen archway.
 17558 | IceCv    | Entered an ice cave
 17823 | IceCv    | Reached XP level 14. HP: 72/108 MP: 14/14
 18024 | IceCv    | Engulfed by an ice statue's freezing vapour

Illustrated notes

Levels and vault maps discovered:
D:1:      giann_wishing_wells, layout_rooms
D:2:      layout_rooms, shapermc_ecumenical_altar_mp_ritualfount, basic_altar,
          uniq_natasha, uniq_robin
D:3:      layout_rooms, amcnicky_altar_gilded
D:4:      layout_rooms, enter_ossuary_5, serial_undead, serial_undead_e,
          serial_undead_c, serial_undead_f, serial_undead_c, serial_undead_f,
          serial_undead_c, serial_undead_b, uniq_blork_the_orc
D:5:      layout_layer_cave, nicolae_vehumet_radiance,
          minmay_temple_entry_wispy, cheibrodos_sewer_entry_drain
D:6:      layout_rooms, uniq_pikel, uniq_eustachio
D:7:      layout_basic, serial_glass, glass_columns_a, glass_columns_a,
          glass_columns_a, glass_columns_a, glass_columns_a, glass_columns_a,
          glass_columns_b, glass_columns_a, glass_columns_b, glass_columns_b
D:8:      layout_loops_corners, minitemple,
          regret_index_kikubaaqudgha_part_by_part, due_lair_maze_entry_diamond
D:9:      layout_cave_pools, david_orc_5, enter_bailey_4
Temple:   nicolae_temple_no_exploring_needed
Lair:1:   layout_roguey, uniq_harold
Lair:2:   layout_regular_city, nicolae_shoals_entry_roost, uniq_amaemon,
          uniq_gastronok
Lair:3:   layout_hall_layers, hellmonk_spider_entry_life_and_decay,
          cheibrodos_lair_reptile_den, grunt_megastairs_2, uniq_kirke,
          uniq_nergalle
Lair:4:   layout_loops_ring, serial_forest, infiniplex_forest_lined_ring,
          infiniplex_forest_clump_tiny, infiniplex_forest_clump_double,
          infiniplex_forest_clump_long, infiniplex_forest_straight_4,
          infiniplex_forest_straight_2, infiniplex_forest_straight_3,
          infiniplex_forest_diagonal
Lair:5:   minmay_lair_end_frog_pond, layout_regular_city, slime_entry_1,
          portal_ice_cave_entry_pillars_2, chequers_serial_rivers_large_a
IceCv:    ice_cave_small_demon

Skill      XL: |  1  2  3  4  5  6  7  8  9 10 11 12 13 |
---------------+----------------------------------------+-----
Short Blades   | 2 3 4 6 8 9 10 12 13 14 | 14.0
Stealth        | 4 5 6 7 8 |  8.8
Dodging        | 4 6 7 8 9 10 | 10.2
Unarmed Combat | 1 |  1.6
Fighting       | 4 6 7 9 |  9.5
Throwing       | 3 |  3.0
Evocations     | 5 7 9 |  9.5

Action                     |  1- 3 |  4- 6 |  7- 9 | 10-12 | 13-15 || total
---------------------------+-------+-------+-------+-------+-------++-------
  Melee: Dagger            |    66 |   208 |  1122 |   674 |    90 ||  2160
         Short sword       |    36 |    86 |       |       |       ||   122
         Rapier            |       |       |    11 |   639 |   573 ||  1223
  Throw: Dart              |       |    11 |    16 |    61 |    17 ||   105
         Stone             |       |       |       |     9 |    16 ||    25
         Throwing net      |       |       |       |     4 |       ||     4
 Invoke: Call Merchant     |       |       |       |       |     1 ||     1
  Evoke: Wand              |       |       |       |     1 |       ||     1
    Use: Potion            |       |       |     2 |     1 |       ||     3
         Scroll            |       |       |     1 |    10 |     1 ||    12
   Stab: Sleeping          |     7 |     5 |    18 |    12 |    10 ||    52
         Distracted        |     1 |     2 |     1 |     8 |     1 ||    13
         Held in net/web   |       |       |       |     2 |       ||     2
 Armour: Robe              |    32 |    95 |   236 |       |       ||   363
         Leather armour    |       |       |     2 |   240 |    94 ||   336
  Dodge: Dodged            |    35 |    75 |   378 |   702 |   168 ||  1358

Table legend: (Time is in decaauts)
 A = Elapsed time spent in this place.
 B = Non-inter-level travel time spent in this place.
 C = Inter-level travel time spent in this place.
 D = Time resting spent in this place.
 E = Time spent auto-exploring this place.
 F = Levels seen in this place.
 G = Mean time per level.
                   A        B        C        D        E       F      G
               +--------+--------+--------+--------+--------+-----+--------+
         Total |  18282 |  17453 |    829 |   3591 |   8206 |  19 |  962.2 |
       Dungeon |   9086 |   8550 |    536 |   1195 |   4706 |   9 | 1009.6 |
        Temple |      1 |      1 |      0 |      0 |      0 |   1 |    1.0 |
          Lair |   6058 |   5766 |    292 |   1378 |   2782 |   5 | 1211.6 |
         Sewer |    665 |    665 |      0 |      0 |    355 |   1 |  665.0 |
       Ossuary |    688 |    688 |      0 |    361 |    168 |   1 |  688.0 |
        Bailey |   1319 |   1319 |      0 |    412 |    194 |   1 | 1319.0 |
      Ice Cave |    461 |    461 |      0 |    243 |      0 |   1 |  461.0 |
               +--------+--------+--------+--------+--------+-----+--------+

Top non-repeatable levels by time:
  Lair:2: 2136 daAuts
     D:8: 1810 daAuts
  Lair:3: 1756 daAuts
     D:5: 1528 daAuts
  Bailey: 1319 daAuts
     D:4: 1230 daAuts
  Lair:4: 1116 daAuts
     D:2: 1017 daAuts
  Lair:1: 1010 daAuts
     D:3: 999 daAuts
     D:7: 870 daAuts
     D:1: 688 daAuts
 Ossuary: 688 daAuts
   Sewer: 665 daAuts
     D:6: 659 daAuts
